 Dungeon Crawl Stone Soup version 0.28.0-53-g5a82cb258f (webtiles) character file.

Game seed: 11816831099537841300

30 Kranky the Skirmisher (level 3, 0/27 HPs)
             Began as an Octopode Fighter on June 20, 2022.
             Slain by Terence
             ... wielding a +0 falchion
              (11 damage)
             ... on level 2 of the Dungeon.
             The game lasted 00:02:12 (1132 turns).

Kranky the Skirmisher (Octopode Fighter)            Turns: 1132, Time: 00:02:13

Health: 0/27       AC:  1    Str: 15    XL:     3   Next: 20%
Magic:  3/3        EV: 13    Int: 10    God:
Gold:   19         SH:  4    Dex: 13    Spells: 2/2 levels left

rFire   . . .      SeeInvis .   a - +0 flail
rCold   . . .      Faith    .   b - +0 buckler
rNeg    . . .      Spirit   .   (helmet restricted)
rPois   .          Reflect  .   (no amulet)
rElec   .          Harm     .   (no ring)
rCorr   .          Rampage  .   (no ring)
Will    .....                   (no ring)
Stlth   +++.......              (no ring)
HPRegen 0.09/turn               (no ring)
MPRegen 0.08/turn               (no ring)
                                (no ring)
                                (no ring)

@: no status effects
A: almost no armour, amphibious, 8 rings, camouflage 1, gelatinous body 1,
(nimble swimmer 1), tentacles
a: no special abilities


You were on level 2 of the Dungeon.
You visited 1 branch of the dungeon, and saw 2 of its levels.

You collected 19 gold pieces.

Inventory:

Hand Weapons
 a - a +0 flail (weapon)
Missiles
 d - 74 stones (quivered)
Armour
 b - a +0 buckler (worn)
Scrolls
 e - a scroll of identify {unknown}
 f - a scroll of fear {unknown}
Potions
 c - a potion of might
 g - a potion of curing {unknown}


   Skills:
 + Level 3.7 Fighting
 - Level 2.0 Maces & Flails
 - Level 3.0 Dodging
 * Level 2.5 Stealth
 - Level 3.0 Shields


You had 2 spell levels left.
You didn't know any spells.
Your spell library was empty.

Dungeon Overview and Level Annotations

Branches:
Dungeon (2/15)

Altars:

Annotations:
D:2 Terence


Innate Abilities, Weirdness & Mutations

You cannot wear most types of armour.
You are amphibious.
You can wear up to eight rings at the same time.
Your skin changes colour to match your surroundings (Stealth+).
Your rubbery body absorbs attacks. (AC +1, EV +1)
((You are camouflaged when in or above water. (Stealth+)))
You have tentacles for arms and can constrict up to eight enemies at once.


Message History

Done exploring.
Done exploring.
No target in view!
Search for what [? for help]? .
You see here a +0 club.
You see here a +0 dagger.
You see here a +0 dagger.
You see here a +0 whip.
There is a stone staircase leading down here.
You climb downwards.
Found a stone staircase leading up.
There is a stone staircase leading up here.
Found a rapier.
The helpless giant cockroach fails to defend itself.
You sock the giant cockroach!
You kill the giant cockroach!
No target in view!
No target in view!
You see here a +0 rapier.
Terence the Incautious comes into view.
He is wielding a +0 falchion.
The helpless Terence fails to defend himself.
You hit Terence. You grab Terence.
Terence is moderately wounded.
You constrict Terence, but do no damage.
Terence hits you with a +0 falchion!
You hit Terence. You squeeze Terence, but do no damage.
Terence is moderately wounded.
You constrict Terence. Terence barely misses you.
Terence drinks a potion.
Terence goes berserk!
You sock Terence!
Terence is almost dead.
You constrict Terence, but do no damage.
Terence hits you with a +0 falchion!
You are too injured to fight recklessly!
You are too injured to fight recklessly!
You hit Terence.
Terence is almost dead.
You constrict Terence. Terence closely misses you. Terence barely misses you.
Terence hits you with a +0 falchion!
You die...

####### P #.....# .♣♣P
#.....# #..P #..?..#
##P.♣ .. #....@#
###..P♣ ...
#...@♣#♣#♣...♣♣♣♣.#
#............P♣...#
#....♣#♣#♣.#P..PP.#.
.......................
#.##########.......#.
.# # ######.##...##.#.#
...............#.#
....##....#.####.#
........###.##....


You could see Terence (berserk).

Vanquished Creatures
  A dart slug (D:1)
  3 endoplasms (D:1)
  A giant cockroach (D:2)
  A goblin (D:1)
  2 hobgoblins (D:1)
  2 jackals (D:1)
  4 quokkas (D:1)
  4 ball pythons (D:1)
  2 bats (D:1)
  A frilled lizard (D:1)
  3 kobolds (D:1)
  2 rats (D:1)
26 creatures vanquished.

Notes
Turn   | Place    | Note
-------+----------+-------------------------------------------
     0 | D:1      | Kranky the Octopode Fighter began the quest for the Orb.
     0 | D:1      | Reached XP level 1. HP: 16/16 MP: 1/1
   188 | D:1      | Reached skill level 1 in Stealth
   193 | D:1      | Reached XP level 2. HP: 11/21 MP: 2/2
   846 | D:1      | Reached XP level 3. HP: 26/26 MP: 3/3
  1127 | D:2      | Noticed Terence
  1132 | D:2      | Slain by Terence

Illustrated notes

Levels and vault maps discovered:
D:1:      saegor_arrival_simple_c, layout_rooms
D:2:      layout_basic, ebering_ecumenical_altar_webs, serial_forest,
          infiniplex_forest_lined_1, infiniplex_forest_clump_long,
          infiniplex_forest_end_1, infiniplex_forest_clump_double,
          infiniplex_forest_clump_small, infiniplex_forest_clump_cross,
          uniq_terence

Skill      XL: |  1  2 |
---------------+-------+-----
Stealth        | 1 2 |  2.5
Fighting       | |  3.7
Maces & Flails | |  2.0
Dodging        | |  3.0
Shields        | |  3.0

Action                   || total
-------------------------++-------
Melee: Flail             ||    55
       Constrict         ||    13
       Tentacles         ||     9
       Punch             ||     2
 Stab: Sleeping          ||     5
Armor: Skin              ||     5
Dodge: Dodged            ||    35
Block: Buckler           ||     7
